 Dungeon Crawl Stone Soup version 0.27.1-34-g3ba077fa99 (webtiles) character file.

Game seed: 14465862864329337959

27 Descartes the Grasshopper (level 2, 14/14 HPs)
             Began as a Spriggan Warper on Jan 9, 2022.
             Was a Follower of Kikubaaqudgha.
             Got out of the dungeon alive.
             The game lasted 00:03:08 (2089 turns).

Descartes the Grasshopper (Spriggan Warper)         Turns: 2089, Time: 00:03:09

Health: 14/14      AC:  2    Str:  7    XL:     2   Next: 93%
Magic:  6/6        EV: 18    Int: 14    God:    Kikubaaqudgha [*.....]
Gold:   25         SH:  0    Dex: 14    Spells: 6/6 levels left

rFire    . . .     SeeInvis +   i - +4 dagger
rCold    . . .     Faith    .   (shield restricted)
rNeg     . . .     Spirit   .   b - +0 robe
rPois    .         Reflect  .   (helmet restricted)
rElec    .         Harm     .   (no cloak)
rCorr    .         Rampage  .   (gloves unavailable)
Will     .....                  (boots unavailable)
Stlth    ++........             (no amulet)
HPRegen  0.04/turn              (no ring)
MPRegen  0.10/turn              (no ring)

@: very quick
A: very small, no large weapons, unfitting armour, see invisible, speed 3
a: Renounce Religion, Receive Corpses


You escaped.
You worshipped Kikubaaqudgha.
Kikubaaqudgha was aware of your devotion.
You visited 1 branch of the dungeon, and saw 1 of its levels.

You collected 25 gold pieces.

Inventory:

Hand Weapons
 i - a +4 dagger (weapon)
Missiles
 d - 5 boomerangs of dispersal (quivered)
 f - 7 poisoned darts
 g - 18 stones
Armour
 b - a +0 robe (worn)
Jewellery
 a - a ring of protection from fire
Scrolls
 c - a scroll of blinking
 e - a scroll of magic mapping {unknown}
Potions
 h - 2 potions of curing {unknown}


   Skills:
 - Level 1.5 Fighting
 + Level 2.6 Short Blades
 - Level 1.0 Throwing
 + Level 3.7 Dodging
 + Level 2.0 Stealth
 - Level 2.6 Spellcasting
 + Level 4.9 Translocations


You had 6 spell levels left.
You didn't know any spells.
Your spell library contained the following spells:

 Spells                   Type           Power      Damage    Failure   Level
 Blink                    Tloc           N/A        N/A       4%          2
 Gell's Gravitas          Tloc           7%         N/A       9%          3
 Lesser Beckoning         Tloc           7%         N/A       9%          3
 Teleport Other           Tloc           15%        N/A       9%          3
 Animate Skeleton         Necr           2%         N/A       22%         1
 Pain                     Necr           4%         1d4       22%         1
 Sublimation of Blood     Necr           0%         N/A       32%         2
 Vampiric Draining        Necr           0%         2d6       54%         3
 Manifold Assault         Tloc           15%        N/A       63%         5


Dungeon Overview and Level Annotations

Branches:
Dungeon (1/15)

Altars:
Kikubaaqudgha


Innate Abilities, Weirdness & Mutations

You are very small and have problems with some larger weapons.
You are too small for most types of armour.
You have supernaturally acute eyesight. (SInv)
You cover ground extremely quickly. (Speed+++)


Message History

The rat is severely wounded.
The rat misses you.
You hit the rat but do no damage.
The rat is severely wounded.
The rat misses you.
You hit the rat.
You kill the rat!
Kikubaaqudgha accepts your kill.
Your Stealth skill increases to level 2!
No target in view!
Found a stone staircase leading down.
Found 10 gold pieces.
You now have 25 gold pieces (gained 10).
A ball python comes into view.
A ball python is nearby!
A kobold comes into view. It is wielding a +0 club.
The kobold shouts!
The ball python hisses angrily.
The ball python misses you. The ball python closely misses you.
You completely miss the ball python. The ball python misses you.
The ball python closely misses you.
You puncture the ball python!
You kill the ball python!
Kikubaaqudgha accepts your kill. The kobold misses you.
You see here a ball python corpse.
You hit the kobold.
You kill the kobold!
Kikubaaqudgha accepts your kill.
No target in view!
No target in view!
No target in view!
No target in view!
No target in view!
No target in view!
Found 14 gold pieces.
a - a ring of protection from fire
There is an open door here.
There is a staircase leading out of the dungeon here.
Are you sure you want to leave the Dungeon?
This will make you lose the game!
You have escaped!

#.##.............#.####
#.###.#.######........#
#.#...#...............#
#.#.#.##'#'##.........#
#.#.#.#.....#...#..####
#.#.#.#.....#...#..#
#.#.#.#..8..#...#..# ...
#.#.#.#.....#...#..#
...####.#.#.#..@..#......#
..........#.#######..###.#######
.....................#.......[..
#.#.###.#########....#.#.######.
#.#.#..>........................
#.#.#....######.#....#.#.######.
#.....#### #.#....#.#.......#
###.#.######## #....#.#........
#.#......... #....#.##......#


There were no monsters in sight!

Vanquished Creatures
  2 bats (D:1)
  2 endoplasms (D:1)
  3 giant cockroaches (D:1)
  3 goblins (D:1)
  2 hobgoblins (D:1)
  2 jackals (D:1)
  3 kobolds (D:1)
  A quokka (D:1)
  A ball python (D:1)
  A frilled lizard (D:1)
  2 rats (D:1)
22 creatures vanquished.

Notes
Turn   | Place    | Note
-------+----------+-------------------------------------------
     0 | D:1      | Descartes the Spriggan Warper began the quest for the Orb.
     0 | D:1      | Reached XP level 1. HP: 10/10 MP: 5/5
   318 | D:1      | Reached skill level 1 in Stealth
   559 | D:1      | Reached XP level 2. HP: 12/14 MP: 6/6
  1837 | D:1      | Found a faded altar of an unknown god.
  1849 | D:1      | Became a worshipper of Kikubaaqudgha
  1849 | D:1      | Reached * piety under Kikubaaqudgha
  1849 | D:1      | Received a gift from Kikubaaqudgha
  2089 | D:$      | Got out of the dungeon alive.

Illustrated notes

Levels and vault maps discovered:
D:1:      minmay_arrival_solitary_statue, layout_basic,
          ebering_ecumenical_altar_abandoned, chequers_garden

Skill      XL: |  1  2 |
---------------+-------+-----
Stealth        | 1 2 |  2.0
Fighting       | |  1.5
Short Blades   | |  2.6
Throwing       | |  1.0
Dodging        | |  3.7
Spellcasting   | |  2.6
Translocations | |  4.9

Action                   || total
-------------------------++-------
Melee: Short sword       ||   132
       Dagger            ||    16
 Stab: Sleeping          ||     2
       Distracted        ||     1
Armor: Robe              ||    26
Dodge: Dodged            ||   153
